 Dungeon Crawl Stone Soup version 0.18-a0-1026-ge317a7f (webtiles) character file.

84 sirjcollins the Shooter (level 4, 0/29 HPs)
             Began as a High Elf Hunter on Jan 8, 2016.
             Slain by a bat (1 damage)
             ... on level 2 of the Dungeon.
             The game lasted 00:24:50 (2334 turns).

sirjcollins the Shooter (High Elf Hunter)           Turns: 2334, Time: 00:24:50

Health: 0/29       AC:  3    Str: 11      XL:     4   Next: 23%
Magic:  5/5        EV: 12    Int: 14      God:
Gold:   104        SH:  0    Dex: 14 (17) Spells: 0 memorised, 3 levels left

rFire  . . .     SeeInvis .     b - +0 short sword
rCold  . . .     Gourm    .     c - +0 leather armour
rNeg   + . .     Faith    .     (no shield)
rPois  .         Spirit   .     (no helmet)
rElec  .         Dismiss  .     (no cloak)
rCorr  .         Reflect  .     (no gloves)
SustAt .         Harm     .     (no boots)
MR     .....                    (no amulet)
Stlth  +.........               (no ring)
                                n - ring of positive energy

@: not resistant to hostile enchantments, very unstealthy
A: no striking features
a: no special abilities


You were on level 2 of the Dungeon.
You were very hungry.

You visited 1 branch of the dungeon, and saw 2 of its levels.

You collected 104 gold pieces.

Inventory:

Hand Weapons
 a - a +1 shortbow
 b - a +0 short sword (weapon)
 i - a +0 dagger of venom
 j - a +0 dagger
 o - a +0 dagger
 v - a +0 short sword
 w - a +0 whip
 x - a +0 flail
 A - a +0 short sword
Missiles
 k - 60 stones (quivered)
 q - 12 sling bullets
Armour
 c - a +0 leather armour (worn)
 r - a +0 robe
Jewellery
 e - a cursed -3 ring of protection {unknown}
 n - a ring of positive energy (left hand)
 y - an uncursed amulet of harm
Scrolls
 h - a scroll of identify
 B - a scroll of recharging {unknown}
Comestibles
 f - 3 bread rations
 g - 4 chunks of flesh
 m - a beef jerky
 p - a royal jelly
 t - 4 fruits
 z - 3 inedible chunks of flesh


   Skills:
 + Level 2.2 Fighting
 + Level 1.2 Short Blades
 + Level 6.6 Bows
 + Level 0.4 Throwing
 + Level 1.0 Armour
 + Level 2.7 Dodging
 + Level 1.1 Stealth


You had 3 spell levels left.
You didn't know any spells.

Dungeon Overview and Level Annotations

Branches:
Dungeon (2/15)

Altars:


Message History

The bat barely misses you. The bat hits you.
* * * LOW HITPOINT WARNING * * *
Your surroundings suddenly seem different.
Splash!
You fall into the shallow water.
Moving in this stuff is going to be slow.
You hear a shout! x2
The bat hits you.
* * * LOW HITPOINT WARNING * * *
The bat barely misses you.
Found a scroll labeled DOBAAG FOISSO.
Found a stone staircase leading down.
A bat, 2 adders, a goblin and a hobgoblin come into view.
The bat hits you but does no damage. The adder barely misses you.
A bat comes into view.
Why would you want to do that? Why would you want to do that?
The bat hits you but does no damage.
The adder bites you but does no damage. x3
The bat hits you but does no damage. The bat hits you.
You die...

#####
#....##########
.##......?......#
.....≈≈≈≈.≈≈≈≈≈..
#.#..≈≈≈≈.≈≈≈≈≈..
#....≈≈≈≈b≈≈≈≈≈..
...#.≈≈S≈@≈≈≈≈≈..
.
..>..≈≈Sb........
...
..##.......≈≈g≈..
... .
#.≈≈≈≈≈.≈≈≈≈..
..#
#.g≈≈≈≈.≈≈≈≈..
..#
#.≈≈≈≈≈.≈≈≈≈..
..#
#.≈≈≈≈≈.≈≈≈≈..
..#
#.............
..#


You could see 2 adders, a hobgoblin, a goblin and 2 bats.

Vanquished Creatures
  4 adders (D:2)
  2 worms (D:2)
  A giant cockroach (D:1)
  3 goblins
  7 hobgoblins
  2 jackals (D:1)
  2 quokkas (D:2)
  6 bats
  A giant newt (D:1)
  8 kobolds
  7 rats
  A plant (D:1)
44 creatures vanquished.

Notes
Turn   | Place    | Note
--------------------------------------------------------------
     0 | D:1      | sirjcollins the High Elf Hunter began the quest for the Orb.
     0 | D:1      | Reached XP level 1. HP: 14/14 MP: 2/2
   108 | D:1      | Reached XP level 2. HP: 17/19 MP: 3/3
   426 | D:1      | Reached skill level 6 in Bows
  1357 | D:2      | Reached XP level 3. HP: 24/24 MP: 4/4
  2099 | D:2      | HP: 1/24 [poisoned by an adder]
  2244 | D:2      | Reached XP level 4. HP: 29/29 MP: 5/5
  2281 | D:2      | Reached skill level 1 in Short Blades
  2281 | D:2      | Reached skill level 1 in Armour
  2331 | D:2      | HP: 1/29 [bat (1)]
  2334 | D:2      | Slain by a bat

Vault maps used:
D:1:      scummos_arrival_forest, serial_forest, infiniplex_forest_clump_long,
          infiniplex_forest_clump_long, infiniplex_forest_pool,
          infiniplex_forest_lined_room_2, infiniplex_forest_lined_2,
          infiniplex_forest_clump_large, infiniplex_forest_clump_medium
D:2:      minmay_kobold_bridge, minivault_14

Action                   |  1- 3 |  4- 6 || total
-------------------------+-------+-------++-------
Melee: Short sword       |    64 |    22 ||    86
       Shortbow          |       |     2 ||     2
 Fire: Shortbow          |   101 |    11 ||   112
Throw: Stone             |    20 |     2 ||    22
  Use: Potion            |     4 |     2 ||     6
       Scroll            |     2 |     1 ||     3
  Eat: Chunk             |     2 |       ||     2
       Fruit             |     1 |       ||     1
